Map: [ESL] Moondance

Players

Clem - Winner!

  • Race: Terran Terran
  • Spawn Location: 6:00

GunGFuBanDa

  • Race: Protoss Protoss
  • Spawn Location: 12:00

Event: DreamHack SC2 Masters 2022 Atlanta (Online)

VOD

Have the link to the VOD?

Description

Time

  • Played on: Oct. 2, 2022, 10:23 a.m.
  • Length: 23:22

All games in this series

Show
View Real Time Build Order
Export as new Build Order

Clem Terran - Winner!

Build Orders:  

Get SALT Encoding   

  12  0:00  SCV  
  13  0:12  SCV  
  14  0:16  Supply Depot  
  14  0:24  SCV  
  15  0:38  SCV  
  15  0:39  Barracks  
  16  0:43  Refinery  
  16  0:50  SCV  
  17  1:02  SCV  
  18  1:12  Engineering Bay  
  18  1:14  SCV  
  20  1:25  Reaper  
  20  1:27  Orbital Command  
  20  1:35  Supply Depot  
  20  1:53  Command Center  
  20  1:55  SCV  
  20  1:59  Barracks Reactor  
  21  2:08  SCV  
  22  2:11  Barracks  
  22  2:20  SCV  
  23  2:24  Barracks  
  23  2:32  SCV  
  23  2:33  Refinery  
  23  2:35  Marine x2  
  27  2:44  SCV  
  27  2:53  Marine x2  
  27  2:56  SCV  
  30  2:59  Barracks Tech Lab  
  30  3:05  Orbital Command  
  30  3:08  SCV  
  30  3:11  Marine x2  
  30  3:12  Barracks Tech Lab  
  33  3:17  Stimpack  
  33  3:20  Marine  
  33  3:21  SCV  
  33  3:26  Orbital Command  
  35  3:31  Combat Shield  
  35  3:32  Marine  
  35  3:33  SCV, Marine  
  38  3:37  Marine  
  38  3:39  Marine  
  40  3:45  SCV  
  41  3:50  Marine  
  41  3:52  Supply Depot  
  41  3:53  SCV, Marine  
  43  3:56  Marine  
  43  3:57  SCV  
  43  3:58  Marine  
  46  4:04  Factory  
  46  4:13  SCV x2, Marine  
  46  4:15  Supply Depot, Marine  
  50  4:17  Marine  
  50  4:23  Engineering Bay  
  51  4:25  SCV x2  
  51  4:27  Marine  
  54  4:35  Supply Depot  
  54  4:36  Marine x2  
  54  4:38  SCV  
  57  4:39  SCV  
  58  4:46  Marine  
  58  4:48  Starport  
  58  4:49  Factory Reactor  
  58  4:50  SCV  
  58  4:51  Terran Infantry Weapons Level 1  
  60  4:52  Concussive Shells  
  60  4:55  SCV  
  60  4:59  Supply Depot  
  61  5:01  Marine  
  61  5:02  Refinery  
  61  5:03  Marine  
  65  5:07  SCV x2  
  65  5:11  Marauder  
  65  5:13  Marauder  
  69  5:19  SCV  
  69  5:20  Supply Depot, SCV  
  71  5:24  Marine x2  
  72  5:31  SCV  
  72  5:32  Medivac x2, Factory Reactor  
  72  5:33  SCV  
  78  5:38  Refinery  
  78  5:41  Supply Depot, Marauder  
  80  5:44  Marauder  
  80  5:45  SCV x2  
  81  5:58  SCV  
  81  5:59  SCV  
  81  6:00  Command Center  
  83  6:06  Medivac x2  
  83  6:10  SCV  
  88  6:12  Supply Depot, SCV  
  88  6:14  Marauder  
  88  6:16  Marauder  
  87  6:19  Marine x2  
  87  6:22  SCV  
  87  6:25  Supply Depot, SCV  
  90  6:30  Widow Mine  
  90  6:32  Widow Mine  
  94  6:34  SCV  
  94  6:37  SCV  
  94  6:39  Supply Depot, Marauder  
  98  6:47  SCV, Marauder  
  101  6:49  SCV  
  101  6:51  Missile Turret  
  101  6:52  Missile Turret  
  102  6:59  SCV  
  102  7:01  SCV, Missile Turret, Terran Infantry Armor Level 1  
  102  7:09  Barracks x2  
  102  7:11  SCV  
  102  7:13  Orbital Command  
  103  7:18  Supply Depot, SCV  
  103  7:21  Marauder  
  106  7:23  SCV  
  106  7:24  Marauder  
  107  7:31  SCV  
  107  7:33  Supply Depot  
  107  7:35  SCV  
  109  7:37  Starport  
  109  7:39  Viking  
  109  7:42  Viking  
  109  7:43  Marauder  
  109  7:44  SCV x2  
  116  7:47  SCV  
  116  7:50  Marine x2  
  120  7:52  Marauder  
  120  7:54  Refinery  
  120  7:56  SCV  
  120  7:57  SCV  
  124  7:59  Barracks Reactor, SCV  
  124  8:00  Barracks Tech Lab  
  124  8:05  Ghost Academy  
  125  8:08  SCV, Marauder  
  125  8:09  SCV  
  125  8:11  Viking  
  131  8:13  Marauder  
  131  8:14  Viking  
  131  8:18  Viking  
  131  8:19  Viking  
  137  8:30  Supply Depot  
  136  8:36  Command Center  
  136  8:38  Ghost  
  136  8:39  Ghost  
  136  8:41  Viking  
  142  8:45  Viking  
  142  8:47  Supply Depot  
  144  8:50  Ghost  
  144  8:51  Viking  
  144  8:53  Marine  
  144  8:54  Viking  
  151  8:59  Armory  
  151  9:02  Engineering Bay  
  150  9:06  Supply Depot  
  150  9:10  Ghost  
  150  9:11  Viking  
  150  9:12  Ghost  
  154  9:22  Marine x4  
  154  9:23  Supply Depot, Ghost  
  160  9:24  Missile Turret  
  159  9:35  SCV  
  159  9:40  Marauder, Marine  
  159  9:41  Marauder  
  159  9:44  Supply Depot, SCV x2  
  159  9:45  Marine  
  167  9:46  Terran Infantry Weapons Level 2, Marine  
  167  9:47  SCV  
  167  9:52  Marauder  
  171  9:57  Barracks  
  171  9:58  Barracks  
  171  10:00  Barracks, Terran Infantry Armor Level 2  
  171  10:01  Marauder  
  171  10:02  SCV x2  
  175  10:08  Refinery  
  175  10:09  Refinery  
  175  10:12  Marine  
  175  10:13  Marauder x2, Marine  
  181  10:17  Planetary Fortress  
  181  10:19  SCV  
  181  10:20  SCV  
  182  10:25  Marauder, Marine  
  182  10:28  Marine  
  182  10:31  SCV  
  182  10:34  Marauder  
  182  10:35  Marauder, Marine  
  181  10:36  SCV  
  181  10:41  Viking  
  174  10:43  SCV  
  174  10:46  Marauder  
  178  10:52  Sensor Tower  
  178  10:55  Ghost  
  180  10:57  Enhanced Shockwaves, Terran Ship Weapons Level 1  
  179  11:04  Barracks Reactor, Barracks Tech Lab  
  179  11:06  Barracks Tech Lab  
  179  11:09  Command Center  
  179  11:12  Missile Turret  
  179  11:13  Marauder x2  
  183  11:19  SCV x3  
  183  11:22  SCV  
  186  11:26  Ghost x2  
  186  11:28  Ghost  
  186  11:31  SCV  
  193  11:34  Ghost  
  193  11:38  Medivac  
  193  11:39  Marauder, Marine  
  198  11:40  Marine x2  
  174  11:55  Marine x3, Ghost x2  
  174  11:57  Medivac  
  177  12:03  Marauder x2  
  177  12:04  Marauder  
  177  12:05  Marine x3  
  177  12:07  Viking  
  182  12:09  Viking  
  182  12:12  Marine  
  185  12:18  Marine x2  
  185  12:21  Viking  
  189  12:23  Marine  
  189  12:24  Marauder x4  
  189  12:25  Marauder  
  200  12:33  Terran Infantry Weapons Level 3  
  200  12:44  Command Center  
  197  12:45  Marauder  
  197  12:48  Viking  
  197  12:49  Viking  
  200  12:59  Terran Infantry Armor Level 3  
  200  13:04  Command Center, Terran Ship Weapons Level 2  
  197  13:08  Viking  
  165  13:14  Viking, Marine x2  
  165  13:17  Marauder x2  
  165  13:18  Marauder  
  165  13:19  Marauder  
  176  13:23  Medivac  
  176  13:24  Marine x2  
  176  13:26  Marauder  
  162  13:35  Planetary Fortress  
  162  13:40  Fusion Core  
  162  13:43  Refinery  
  162  13:44  Marine x2  
  162  13:45  Refinery, Marauder  
  162  13:46  Marauder  
  168  13:55  Ghost  
  170  14:00  Missile Turret  
  170  14:06  Command Center  
  170  14:09  Orbital Command  
  170  14:10  Ghost  
  170  14:13  Liberator  
  175  14:17  Liberator  
  178  14:27  Marine  
  178  14:29  Liberator x2  
  177  14:31  Ghost  
  177  14:32  Marine x2  
  177  14:34  Marine  
  177  14:37  Marauder  
  177  14:41  Marauder  
  174  14:47  Orbital Command  
  174  14:52  Widow Mine  
  176  14:56  Sensor Tower  
  176  14:57  Liberator  
  179  15:05  Liberator  
  180  15:09  Marauder  
  180  15:12  Liberator  
  180  15:13  Liberator, Widow Mine  
  186  15:28  Marauder  
  186  15:34  SCV x2  
  186  15:35  SCV x3  
  193  15:40  Liberator  
  193  15:41  SCV x2, Missile Turret  
  198  15:46  Advanced Ballistics, SCV  
  199  15:58  Planetary Fortress  
  199  15:59  Missile Turret, Starport  
  199  16:01  Sensor Tower  
  199  16:04  Missile Turret  
  199  16:07  Barracks Reactor  
  199  16:14  Liberator  
  199  16:18  Missile Turret, Marauder  
  200  16:19  Orbital Command  
  200  16:21  Liberator, Ghost  
  200  16:23  Marauder  
  200  16:24  Marine  
  198  16:25  Marine  
  198  16:26  Marine  
  198  16:48  Refinery  
  198  16:49  Refinery  
  198  16:53  Command Center  
  198  16:55  Command Center  
  198  16:56  Sensor Tower  
  198  16:58  Command Center  
  198  17:05  Liberator  
  198  17:06  Rapid Reignition System  
  199  17:21  Orbital Command  
  193  17:24  Marauder  
  182  17:45  SCV x2  
  182  17:46  SCV  
  184  17:52  Command Center, SCV x2  
  184  17:54  Ghost x2  
  184  17:55  Marine x2  
  184  17:56  Marauder x2  
  196  17:59  Marauder  
  198  18:07  Orbital Command  
  198  18:09  Missile Turret  
  198  18:17  Marauder  
  198  18:19  Orbital Command x2  
  200  18:30  Marauder, Marine  
  200  18:33  Liberator  
  200  18:37  Orbital Command  
  200  18:38  Marauder  
  197  18:41  Viking  
  197  18:42  Viking  
  197  18:43  Viking  
  197  18:44  Marine  
  197  18:45  Command Center  
  199  18:53  Missile Turret  
  192  18:56  Ghost  
  192  18:57  Marine x2  
  192  19:01  SCV  
  192  19:05  Marine  
  192  19:08  Viking x2  
  194  19:10  SCV  
  194  19:11  Viking x2  
  194  19:13  Viking  
  194  19:18  Viking  
  185  19:37  Missile Turret, Medivac  
  191  19:38  Marauder, Marine x3  
  191  19:39  Marauder x2, Marine x2  
  191  19:42  Viking  
  199  19:46  Marauder x2  
  199  19:52  SCV  
  196  19:53  Sensor Tower  
  196  19:54  Missile Turret  
  196  19:59  Liberator  
  198  20:01  Missile Turret  
  198  20:02  Ghost  
  171  20:14  Viking  
  196  20:22  Viking  
  196  20:23  Marauder  
  199  20:48  Hi-Sec Auto Tracking, Neosteel Armor  
  199  20:56  Marauder, Marine  
  194  20:57  Planetary Fortress  
  194  20:59  Marauder  
  194  21:00  Refinery  
  196  21:06  SCV  
  196  21:08  Command Center  
  197  21:16  Liberator x3  
  200  21:22  Liberator  
  200  21:25  Liberator  
  200  21:32  Liberator, Missile Turret, Sensor Tower  
  198  21:33  Marauder  
  195  21:49  Marauder  
  170  21:56  Marauder  
  170  21:59  Liberator, Marauder  
  170  22:00  Liberator x2, Ghost  
  170  22:01  Marine  
  159  22:04  Liberator  
  161  22:09  Liberator  
  161  22:11  Marine, Ghost  
  161  22:12  Marine x2  
  161  22:13  SCV  
  165  22:16  Marauder, Marine x2  
  165  22:17  SCV x3, Marauder  
  165  22:19  Refinery  
  174  22:23  Liberator, Command Center  
  174  22:25  Marine  
  174  22:26  Marauder  
  180  22:30  Ghost  
  180  22:34  Marine x2  
  184  22:42  Ghost  
  184  22:44  Ghost  
  197  22:59  Marine  
Show
View Real Time Build Order
Export as new Build Order

GunGFuBanDa Protoss 

Build Orders: Phoenix Opening, Colossus Rush 

Get SALT Encoding   

  12  0:00  Probe  
  13  0:12  Probe  
  14  0:16  Pylon  
  14  0:24  Probe (Chrono Boost)  
  16  0:36  Gateway, Probe (Chrono Boost)  
  16  0:42  Probe (Chrono Boost)  
  16  0:44  Assimilator  
  17  0:51  Probe  
  18  1:03  Probe  
  19  1:15  Probe  
  20  1:23  Cybernetics Core  
  22  1:29  Pylon  
  22  1:34  Probe  
  23  1:47  Probe  
  22  1:50  Nexus  
  22  1:58  Adept (Chrono Boost)  
  22  1:59  Probe  
  25  2:06  Assimilator  
  25  2:11  Probe  
  26  2:18  Stargate  
  26  2:25  Probe  
  27  2:35  Warp Gate  
  27  2:37  Probe  
  27  2:39  Adept  
  27  2:43  Pylon  
  30  2:49  Probe (Chrono Boost)  
  31  3:02  Probe (Chrono Boost)  
  33  3:06  Phoenix (Chrono Boost)  
  33  3:08  Probe (Chrono Boost)  
  33  3:10  Probe (Chrono Boost)  
  36  3:14  Probe (Chrono Boost)  
  36  3:16  Shield Battery, Probe  
  38  3:26  Probe  
  30  3:27  Phoenix (Chrono Boost)  
  39  3:28  Probe  
  42  3:37  Gateway  
  42  3:39  Probe  
  42  3:40  Probe  
  44  3:45  Phoenix (Chrono Boost)  
  46  3:51  Probe  
  46  3:52  Probe  
  47  3:57  Assimilator  
  47  4:00  Robotics Facility  
  47  4:03  Probe  
  47  4:04  Probe  
  47  4:08  Assimilator  
  49  4:12  Phoenix  
  49  4:15  Probe  
  52  4:17  Probe  
  52  4:21  Pylon  
  53  4:24  Pylon  
  53  4:27  Probe  
  54  4:34  Pylon  
  54  4:36  Shield Battery  
  54  4:39  Probe  
  54  4:40  Adept, Sentry  
  54  4:44  Immortal (Chrono Boost)  
  59  4:50  Pylon  
  63  4:55  Probe x2  
  65  5:00  Adept  
  65  5:03  Adept  
  69  5:07  Probe  
  69  5:08  Robotics Bay  
  70  5:21  Adept  
  70  5:23  Adept, Probe  
  75  5:31  Observer  
  75  5:35  Probe x2  
  77  5:40  Pylon  
  77  5:42  Nexus  
  78  5:44  Pylon  
  78  5:45  Forge  
  78  5:54  Colossus (Chrono Boost)  
  78  5:58  Extended Thermal Lance  
  78  6:02  Probe x2  
  86  6:14  Probe  
  86  6:15  Protoss Ground Weapons Level 1  
  87  6:19  Probe  
  87  6:24  Zealot, Stalker  
  92  6:32  Colossus (Chrono Boost)  
  92  6:34  Probe (Chrono Boost)  
  92  6:38  Probe (Chrono Boost)  
  100  6:41  Twilight Council  
  100  6:45  Probe (Chrono Boost)  
  102  6:47  Gateway  
  102  6:48  Gateway  
  102  6:49  Probe (Chrono Boost)  
  102  6:52  Probe (Chrono Boost)  
  103  6:55  Probe  
  104  7:01  Zealot x2  
  108  7:11  Probe x2  
  108  7:12  Charge (Chrono Boost)  
  108  7:14  Colossus (Chrono Boost), Pylon  
  110  7:15  Pylon  
  110  7:17  Observer, Probe, Assimilator  
  117  7:22  Pylon  
  117  7:33  Photon Cannon  
  117  7:35  Shield Battery, Gateway  
  117  7:36  Gateway, Pylon  
  117  7:38  Gateway  
  117  7:56  Pylon  
  117  7:57  Templar Archives  
  116  7:59  Observer, Colossus (Chrono Boost)  
  116  8:02  Gateway  
  116  8:04  Zealot x3  
  116  8:05  Zealot  
  130  8:08  Probe x2  
  132  8:21  Shield Battery  
  132  8:25  Observer, Protoss Ground Weapons Level 2 (Chrono Boost)  
  132  8:38  Blink  
  132  8:40  Probe  
  133  8:42  Photon Cannon  
  133  8:43  Nexus  
  133  8:45  Pylon  
  133  8:46  Warp Prism (Chrono Boost)  
  133  8:48  High Templar, Pylon  
  135  8:49  Probe, High Templar  
  135  8:50  Probe  
  135  8:53  Archon, Probe, High Templar x2  
  135  8:54  Zealot x2  
  150  9:01  Archon, Probe  
  151  9:08  Robotics Facility  
  149  9:14  Immortal (Chrono Boost)  
  153  9:24  Zealot x3, Stalker x2, Pylon  
  163  9:35  Probe x3  
  163  9:38  Forge  
  164  9:40  Observer, Pylon x2  
  164  9:47  Probe x2  
  166  9:53  Immortal (Chrono Boost)  
  166  10:08  Shield Battery  
  166  10:14  Zealot  
  168  10:15  High Templar x4  
  168  10:16  Zealot x4  
  182  10:21  Archon x2  
  182  10:24  Immortal (Chrono Boost)  
  168  10:42  Stalker x4  
  158  10:47  Stalker  
  170  10:51  Immortal (Chrono Boost), Gateway  
  170  10:53  Zealot x3  
  170  10:56  Protoss Ground Armor Level 1 (Chrono Boost)  
  170  10:57  Pylon  
  176  11:01  Warp Prism (Chrono Boost)  
  178  11:05  Probe  
  178  11:06  Protoss Ground Weapons Level 3 (Chrono Boost), Assimilator  
  178  11:10  Assimilator  
  178  11:14  Zealot x5, Stalker x3  
  190  11:22  Disruptor (Chrono Boost)  
  191  11:30  Probe  
  189  11:52  Zealot x8  
  189  11:53  Disruptor (Chrono Boost)  
  199  11:56  Disruptor (Chrono Boost)  
  187  12:16  Zealot x2  
  187  12:21  Zealot x6  
  197  12:25  Zealot  
  199  12:35  Nexus, Dark Shrine  
  199  12:37  Pylon  
  199  12:38  Fleet Beacon  
  199  12:51  Protoss Air Weapons Level 1  
  197  13:02  Protoss Ground Armor Level 2 (Chrono Boost)  
  163  13:15  Zealot  
  163  13:16  Zealot x8  
  173  13:24  Immortal x2 (Chrono Boost)  
  145  13:32  Shield Battery  
  145  13:33  Probe  
  145  13:34  Probe, Photon Cannon  
  155  13:37  Shadow Stride (Chrono Boost)  
  155  13:40  Sentry, Stalker x3, Protoss Shields Level 1 (Chrono Boost)  
  155  13:41  Stalker x4  
  165  13:42  Stalker  
  173  13:52  Probe  
  170  13:58  Disruptor (Chrono Boost)  
  170  13:59  Disruptor (Chrono Boost)  
  172  14:06  Dark Templar x5  
  172  14:07  Zealot x2, Dark Templar  
  172  14:08  Zealot  
  170  14:47  Probe  
  170  14:52  Disruptor (Chrono Boost), Zealot x9  
  181  14:53  Disruptor (Chrono Boost)  
  181  14:56  Nexus  
  190  15:19  Disruptor x2 (Chrono Boost)  
  184  15:22  Protoss Ground Armor Level 3  
  184  15:25  Probe  
  184  15:26  Probe  
  184  15:28  Stalker x9  
  174  15:34  Pylon  
  178  15:35  Observer  
  178  15:43  Stargate  
  178  15:46  Assimilator x2  
  178  15:47  Disruptor  
  179  15:57  Gravitic Boosters (Chrono Boost)  
  175  16:04  Zealot  
  177  16:06  Photon Cannon  
  177  16:07  Shield Battery  
  171  16:25  Observer  
  167  16:29  Dark Templar x5  
  167  16:30  Zealot x4  
  183  16:36  Disruptor  
  186  16:46  Gravitic Drive  
  186  16:50  Photon Cannon  
  186  16:52  Photon Cannon  
  186  16:53  Photon Cannon  
  182  16:56  Photon Cannon  
  182  16:57  Photon Cannon  
  182  16:58  Assimilator  
  182  17:08  Zealot x9  
  185  17:49  Tempest x2 (Chrono Boost)  
  184  18:00  Dark Templar  
  184  18:03  Protoss Air Weapons Level 2 (Chrono Boost)  
  184  18:05  Photon Cannon x2  
  186  18:06  Photon Cannon  
  186  18:07  Photon Cannon  
  186  18:08  Pylon  
  186  18:14  Stalker x7  
  200  18:27  Tempest  
  188  18:52  Zealot x8  
  188  19:02  Psionic Storm  
  187  19:03  Tempest (Chrono Boost)  
  187  19:07  Tempest (Chrono Boost)  
  187  19:09  Nexus  
  197  19:19  Nexus  
  193  19:39  Pylon  
  191  19:47  High Templar x4  
  191  19:52  Pylon  
  193  19:55  Pylon  
  193  19:58  High Templar  
  193  20:01  Photon Cannon, High Templar x3  
  193  20:03  Photon Cannon  
  199  20:09  Photon Cannon  
  199  20:10  Photon Cannon, Pylon  
  199  20:12  Photon Cannon  
  199  20:15  Shield Battery  
  199  20:16  Protoss Air Weapons Level 3 (Chrono Boost)  
  161  20:33  Zealot x8  
  156  20:51  Stalker  
  156  20:55  Gateway  
  156  20:56  Probe x2  
  153  20:58  Probe  
  153  21:03  Stalker x5  
  153  21:04  Stalker x3  
  168  21:13  Photon Cannon x2  
  168  21:14  Photon Cannon  
  135  21:54  Archon  
  135  22:01  Tempest (Chrono Boost)  
  90  22:05  Tempest (Chrono Boost)  
  90  22:06  Observer, Stalker x2  
  90  22:07  Stalker x4  
  79  22:17  High Templar x4  
  87  22:32  Zealot x6  
  87  22:34  Tempest  
  87  22:35  Nexus  
  87  22:36  Pylon  
  104  22:51  Pylon  
  104  22:55  Zealot x8  
  104  22:56  Zealot x2  
  116  23:16  Archon  
Tags
 
Add a new tag
Caveats
  • Supply blocks, unpowered buildings, or Contaminate may cause inaccurate times.
  • Supply counts are checked every 10 seconds.